 Dungeon Crawl Stone Soup version 0.31-a0-204-g7da18cac08 (webtiles) character file.

Game seed: 13181313026391949852

411 innerfire43 the Trooper (level 6, 0/50 HPs)
             Began as a Demonspawn Monk on June 27, 2023.
             Was a Believer of Qazlal.
             Slain by Duvessa
             ... wielding a +0 short sword
              (9 damage)
             ... on level 4 of the Dungeon.
             The game lasted 00:03:40 (2941 turns).

innerfire43 the Trooper (Demonspawn Monk)           Turns: 2941, Time: 00:03:41

Health: 0/50       AC:  7    Str: 13    XL:     6   Next: 58%
Magic:  6/6        EV: 13    Int: 12    God:    Qazlal [**....]
Gold:   169        SH:  8    Dex: 15    Spells: 5/5 levels left

rFire   + . .        h - +0 whip (elec)
rCold   . . .        d - orb {light}
rNeg    . . .        b - +0 robe
rPois   .            e - +2 hat
rElec   .            m - +0 cloak
rCorr   .            o - +0 pair of gloves
SInv    .            (no boots)
Will    .....        A - amulet of reflection
Stlth   +            x - ring of protection from fire
HPRegen 0.28/turn    (no ring)
MPRegen 0.10/turn

%: reflection
@: glowing
A: hooves 1, rugged brown scales 1, ignite blood 1
a: Renounce Religion, Upheaval


You were on level 4 of the Dungeon.
You worshipped Qazlal.
Qazlal was pleased with you.
You visited 1 branch of the dungeon, and saw 4 of its levels.

You collected 169 gold pieces.

Inventory:

Hand Weapons
 a - a +0 hand axe
 h - a +0 whip of electrocution (weapon)
 l - a +3 quarterstaff of chaos
 B - a +1 short sword of venom
Missiles
 C - 2 throwing nets
Armour
 b - a +0 robe (worn)
 d - an orb of light (worn)
 e - a +2 hat (worn)
 m - a +0 cloak (worn)
 o - a +0 pair of gloves (worn)
 y - a +1 helmet
Jewellery
 x - a ring of protection from fire (left hand)
 A - an amulet of reflection (around neck)
Wands
 n - a wand of iceblast (11)
Scrolls
 f - a scroll of immolation {unknown}
 g - 2 scrolls of enchant armour {unknown}
 i - 4 scrolls of fear {unknown}
 j - a scroll of blinking {unknown}
 k - a scroll of brand weapon {unknown}
 q - a scroll of poison {unknown}
 v - 2 scrolls of teleportation {unknown}
 w - a scroll of identify {unknown}
 z - a scroll of silence {unknown}
Potions
 c - a potion of ambrosia
 p - 2 potions of curing {unknown}
 r - a potion of invisibility {unknown}
 s - a potion of lignification {unknown}
 t - a potion of degeneration {unknown}
 u - 2 potions of haste {unknown}


   Skills:
 + Level 4.7 Fighting
 - Level 3.8(4.0) Axes
 - Level 1.3(3.1) Maces & Flails
 * Level 1.8(2.1) Staves
 + Level 4.3 Dodging


You had 5 spell levels left.
You didn't know any spells.
Your spell library contained the following spells:

 Spells                   Type           Power      Damage    Failure   Level
 Stone Arrow              Conj/Erth      0%         3d7       69%         3
 Animate Armour           Summ/Erth      0%         N/A       97%         4
 Lehudib's Crystal Spear  Conj/Erth      0%         10d2      100%        8


Dungeon Overview and Level Annotations

Branches:
Dungeon (4/15)
 Temple: D:4-7

Altars:
Fedhas
Qazlal

Shops:
D:1 ([

Annotations:
D:4 Dowan, Duvessa


Innate Abilities, Weirdness & Mutations

You have large cloven feet.
You are partially covered in rugged brown scales. (AC +1, +3% HP)
Your demonic aura sometimes causes spilled blood to erupt in flames.


Message History

No target in view!
Duvessa is nearby!
Dowan, Brother of Duvessa comes into view.
He is wielding a +0 dagger.
Dowan shouts!
Duvessa hits you with a +0 short sword!
You barely miss Duvessa. Duvessa hits you with a +0 short sword.
You hit Duvessa but do no damage. You kick Duvessa, but do no damage.
Duvessa hits you with a +0 short sword.
You hit Duvessa but do no damage. Lightning courses through Duvessa!
You kick Duvessa.
Duvessa is heavily wounded.
Duvessa hits you with a +0 short sword!
Dowan points at Duvessa and mumbles some strange words.
Duvessa seems to speed up.
You hit Duvessa.
Duvessa is heavily wounded.
You block Duvessa's attack.
You hit Duvessa. You kick Duvessa, but do no damage.
Duvessa is severely wounded.
You block Duvessa's attack.
You barely miss Duvessa.
Duvessa is severely wounded.
You block Duvessa's attack.
You hit Duvessa. Lightning courses through Duvessa!
Duvessa is almost dead.
Duvessa hits you with a +0 short sword. Duvessa hits you with a +0 short sword!
You are too injured to fight recklessly!
You hit Duvessa. You kick Duvessa, but do no damage.
Duvessa is almost dead.
Duvessa hits you with a +0 short sword. Dowan misses you.
You hit Duvessa but do no damage. You kick Duvessa.
Duvessa is almost dead.
Duvessa hits you with a +0 short sword.
* * * LOW HITPOINT WARNING * * *
You block Dowan's attack. Duvessa hits you with a +0 short sword.
* * * LOW HITPOINT WARNING * * *
You hit Duvessa but do no damage. You kick Duvessa, but do no damage.
Duvessa is almost dead.
Duvessa hits you with a +0 short sword!
You die...

#.. ##...##
##.## #..# ##.##
##.## ##..#
###...##
...#......#
......e@.#......
......e####.....
....... #....
....... #...
....... #.#
....... .
....... .......


You could see Duvessa (fast) and Dowan.

Vanquished Creatures
  Sigmund (D:2)
  Crazy Yiuf (D:3)
  A gnoll bouda (D:4)
  3 gnolls (D:4)
  9 adders
  3 worms
  2 dart slugs (D:1)
  2 orcs (D:3)
  8 ball pythons
  3 endoplasms
  3 giant cockroaches
  7 goblins
  6 hobgoblins
  4 jackals (D:2)
  9 kobolds
  3 quokkas
  8 bats
  4 frilled lizards
  4 rats
81 creatures vanquished.

Notes
Turn   | Place    | Note
-------+----------+-------------------------------------------
     0 | D:1      | innerfire43 the Demonspawn Monk began the quest for the
                  | Orb.
     0 | D:1      | Reached XP level 1. HP: 18/18 MP: 1/1
   275 | D:1      | Found Biluw's Armour Shop.
   621 | D:1      | Gained mutation: Your demonic aura sometimes causes spilled
                  | blood to erupt in flames. [demonic ancestry]
   621 | D:1      | Reached XP level 2. HP: 24/24 MP: 2/2
   687 | D:1      | Found Fusaonu's Weapon Shoppe.
  1001 | D:2      | Noticed Sigmund
  1015 | D:2      | Killed Sigmund
  1016 | D:2      | Reached XP level 3. HP: 14/30 MP: 3/3
  1016 | D:2      | Gained mutation: You are partially covered in rugged brown
                  | scales. (AC +1, +3% HP) [demonic ancestry]
  1016 | D:2      | Reached XP level 4. HP: 14/38 MP: 4/4
  1016 | D:2      | Reached XP level 5. HP: 16/43 MP: 5/5
  1546 | D:3      | Reached skill level 1 in Maces & Flails
  1550 | D:3      | Found a stormy altar of Qazlal.
  1562 | D:3      | Became a worshipper of Qazlal Stormbringer
  1562 | D:3      | Reached * piety under Qazlal
  1562 | D:3      | Reached ** piety under Qazlal
  1604 | D:3      | Found a runed translucent door.
  1605 | D:3      | Noticed Crazy Yiuf
  1614 | D:3      | Killed Crazy Yiuf
  1719 | D:3      | Gained mutation: You have large cloven feet. [demonic
                  | ancestry]
  1719 | D:3      | Reached XP level 6. HP: 50/50 MP: 6/6
  2102 | D:3      | Reached skill level 1 in Staves
  2607 | D:4      | Found a blossoming altar of Fedhas.
  2928 | D:4      | Noticed Duvessa
  2931 | D:4      | Noticed Dowan
  2941 | D:4      | Slain by Duvessa

Illustrated notes

Levels and vault maps discovered:
D:1:      dpeg_arrival_central, layout_basic, serial_shops,
          nicolae_shop_statue_plus, nicolae_shop_peninsula
D:2:      layout_basic, bh_walls_and_bars, uniq_sigmund
D:3:      layout_loops_cross, marbit_many_paths,
          nicolae_qazlal_scattered_showers, minmay_joined_circles,
          uniq_crazy_yiuf_cottage
D:4:      layout_cave_pods, fedhas_altar_2, uniq_duvessa, uniq_pikel,
          uniq_natasha

Skill      XL: |  1  2  3  4  5  6 |
---------------+-------------------+-----
Axes           | 3 |  3.8
Dodging        | 3 4 |  4.3
Fighting       | 4 |  4.7
Maces & Flails | 1 |  1.3
Staves         | 1 |  1.8

Action                     |  1- 3 |  4- 6 || total
---------------------------+-------+-------++-------
  Melee: Hand axe          |    47 |       ||    47
         Whip              |     6 |   174 ||   180
         Kick              |       |    37 ||    37
 Armour: Robe              |    15 |    46 ||    61
  Dodge: Dodged            |    31 |   101 ||   132
  Block: Orb               |       |    24 ||    24
         Reflection        |       |     1 ||     1

Table legend: (Time is in decaauts)
 A = Elapsed time spent in this place.
 B = Non-inter-level travel time spent in this place.
 C = Inter-level travel time spent in this place.
 D = Time resting spent in this place.
 E = Time spent auto-exploring this place.
 F = Levels seen in this place.
 G = Mean time per level.
                   A        B        C        D        E       F      G
               +--------+--------+--------+--------+--------+-----+--------+
         Total |   2940 |   2863 |     77 |      0 |   2339 |   4 |  735.0 |
       Dungeon |   2940 |   2863 |     77 |      0 |   2339 |   4 |  735.0 |
               +--------+--------+--------+--------+--------+-----+--------+

Top non-repeatable levels by time:
     D:3: 949 daAuts
     D:1: 900 daAuts
     D:2: 648 daAuts
     D:4: 443 daAuts
